 Dungeon Crawl Stone Soup version 0.32-a0-450-g080537f31e (webtiles) character file.

Game seed: 7167602629126145748

175 TheLasagnaBaron the Slasher (level 5, 0/41 HPs)
             Began as a Demonspawn Monk on Feb 23, 2024.
             Slain by a +6 heavy battleaxe (21 damage)
             ... on level 1 of the Abyss.
             The game lasted 00:07:34 (2714 turns).

TheLasagnaBaron the Slasher (Demonspawn Monk)       Turns: 2714, Time: 00:07:34

Health: 0/41       AC:  9    Str: 12    XL:     5   Next: 29%
Magic:  5/5        EV:  7    Int: 10    God:
Gold:   183        SH:  0    Dex: 17    Spells: 4/4 levels left

rFire   . . .        a - +0 falchion (drain)
rCold   . . .        (no shield)
rNeg    . . .        g - +1 chain mail
rPois   .            (no helmet)
rElec   .            h - scarf {repulsion}
rCorr   .            (no gloves)
SInv    .            (no boots)
Will    .....        (no amulet) Stlth
                     (no ring)
HPRegen 0.26/turn    (no ring)
MPRegen 0.09/turn

%: repel missiles
@: confused, ambrosia-drunk, studying Dodging
A: claws 1, ignite blood 1, weakness stinger 1
a: no special abilities


You were on level 1 of the Abyss.
You visited 1 branch of the dungeon, and saw 3 of its levels.
You visited the Abyss 1 time.

You collected 183 gold pieces.

Inventory:

Hand Weapons
 a - a +0 falchion of draining (weapon)
Armour
 b - a +0 robe
 d - an orb of light
 e - a +0 leather armour
 g - a +1 chain mail (worn)
 h - a scarf of repulsion (worn)
Jewellery
 j - a ring of see invisible
Scrolls
 f - a scroll of poison
 i - a scroll of brand weapon
 n - a scroll of teleportation
Potions
 k - a potion of lignification {unknown}
 l - a potion of attraction
 m - 2 potions of heal wounds {unknown}
 o - a potion of curing {unknown}


   Skills:
 + Level 3.4 Fighting
 * Level 4.5 Long Blades
 + Level 2.1 Armour
 * Level 3.0 Dodging


You had 4 spell levels left.
You didn't know any spells.
Your spell library was empty.

Dungeon Overview and Level Annotations

Branches:
Dungeon (3/15)

Altars:
Okawaru
Sif Muna

Annotations:
D:3 1 runed translucent door, Crazy Yiuf; Sirjeffry24's ghost, amateur DrSh


Innate Abilities, Weirdness & Mutations

You have sharp fingernails.
Your demonic aura sometimes causes spilled blood to erupt in flames.
You have a small tail.


Message History

There is a faded altar of an unknown god here.
There is an open door here.
You see here 6 boomerangs.
There is an open door here.
The kobold shouts! x2; You hear a shout!
The kobold shouts! x4; You hear a shout! x2
The kobold shouts!
No reachable target in view!
No reachable target in view!
Could not explore, unopened runed door.
As you read the scroll of teleportation, it crumbles to dust.
You feel strangely unstable.
You open the gate.
The kobold throws a stone.
The stone barely misses you.
Your surroundings suddenly seem different.
There is an escape hatch in the floor here.
There is a stone staircase leading down here.
There is an open door here.
The kobold shouts!
There is an open door here.
There is an open door here.
The kobold attacks as it pursues you! The kobold hits you but does no damage.
You blink.
You hit the kobold but do no damage. You drain the kobold.
The kobold is severely wounded.
The kobold hits you with a +2 dagger of distortion.
You are cast into the Abyss!
This branch contains the abyssal rune of Zot.
HP restored.
Found a gateway leading deeper into the Abyss.
A +6 heavy battleaxe comes into view.
A +6 heavy battleaxe is nearby!
You barely miss the +6 heavy battleaxe. The +6 heavy battleaxe hits you!!
Ouch! That really hurt!
You are too injured to fight recklessly!
You are too injured to fight recklessly!
You are confused.
You feel invigorated. The +6 heavy battleaxe hits you.
You miss the +6 heavy battleaxe. The +6 heavy battleaxe hits you!!
Ouch! That really hurt!
You die...

#.# ..# ..##
###... .# .....
## .. #.#.#.## .#
#..#(#.##.###.
#..@........
##..#.#..#.#
......#........#
#
#.#.#..##..#.##.#
# #..#### ......
.#.#.....
.......#.... . #
.#.....>.#### .#.
......######...#
.. #.#.. ## #.#.#
#


You could see a +6 heavy battleaxe.

Vanquished Creatures
  A scorpion (D:2)
  4 adders
  4 dart slugs
  A ribbon worm (D:2)
  7 orcs (D:3)
  3 ball pythons
  5 endoplasms
  A giant cockroach (D:1)
  3 hobgoblins
  6 jackals
  4 kobolds
  3 quokkas
  8 bats
  3 frilled lizards
  3 goblins
  4 rats
60 creatures vanquished.

Notes
Turn   | Place    | Note
-------+----------+-------------------------------------------
     0 | D:1      | TheLasagnaBaron the Demonspawn Monk began the quest for the
                  | Orb.
     0 | D:1      | Reached XP level 1. HP: 18/18 MP: 1/1
   186 | D:1      | Reached skill level 3 in Long Blades
   229 | D:1      | Discovered your monstrous ancestry.
   229 | D:1      | Gained mutation: You have sharp fingernails. [demonic
                  | ancestry]
   229 | D:1      | Reached XP level 2. HP: 23/24 MP: 2/2
   790 | D:1      | Identified a scroll of acquirement
   790 | D:1      | Acquired a manual of Dodging
   922 | D:2      | Gained mutation: You have a small tail. [demonic ancestry]
   922 | D:2      | Reached XP level 3. HP: 29/29 MP: 3/3
  1113 | D:2      | Reached skill level 1 in Armour
  1313 | D:2      | Noticed a scorpion
  1321 | D:2      | Killed a scorpion
  1322 | D:2      | Reached skill level 4 in Long Blades
  1322 | D:2      | Reached XP level 4. HP: 35/35 MP: 4/4
  1648 | D:3      | Gained mutation: Your demonic aura sometimes causes spilled
                  | blood to erupt in flames. [demonic ancestry]
  1648 | D:3      | Reached XP level 5. HP: 38/41 MP: 5/5
  1778 | D:3      | Found a shimmering blue altar of Sif Muna.
  1943 | D:3      | Found a runed translucent gate.
  1944 | D:3      | Found a runed translucent gate.
  1944 | D:3      | Noticed Sirjeffry24's ghost (amateur DrSh)
  1945 | D:3      | Found a runed translucent gate.
  1997 | D:3      | Found a faded altar of an unknown god.
  2188 | D:3      | Found an iron altar of Okawaru.
  2335 | D:3      | Found a runed translucent door.
  2336 | D:3      | Noticed Crazy Yiuf
  2667 | Abyss:1  | Cast into level 1 of the Abyss (kobold)
  2709 | Abyss:1  | Noticed a +6 heavy battleaxe
  2714 | Abyss:1  | Slain by a +6 heavy battleaxe

Illustrated notes

Levels and vault maps discovered:
D:1:      dpeg_arrival_orchard, layout_basic
D:2:      layout_basic
D:3:      layout_basic, hellmonk_sif_muna_bookshelves, lemuel_crystal_altar,
          serial_corexii_hall, corexii_hall_statues_l, corexii_hall_statues_x,
          corexii_hall_statues_i, corexii_hall_statues_t,
          gammafunk_ghost_nasty_kobolds, shapermc_ecumenical_altar_flowoftime,
          uniq_crazy_yiuf_cottage
Abyss:1:  base:
D:1

Skill      XL: |  1  2  3  4 |
---------------+-------------+-----
Long Blades    | 3 4 |  4.5
Armour         | 2 |  2.1
Dodging        | 3 |  3.0
Fighting       | |  3.4

Action                     |  1- 3 |  4- 6 || total
---------------------------+-------+-------++-------
  Melee: Falchion          |   124 |    83 ||   207
         Tailslap          |     7 |    12 ||    19
    Use: Scroll            |     6 |     4 ||    10
         Potion            |     2 |     1 ||     3
   Stab: Sleeping          |     1 |       ||     1
 Armour: Leather armour    |    15 |       ||    15
         Chain mail        |   102 |    83 ||   185
  Dodge: Dodged            |    41 |    37 ||    78
         Repelled          |     1 |       ||     1

Table legend: (Time is in decaauts)
 A = Elapsed time spent in this place.
 B = Non-inter-level travel time spent in this place.
 C = Inter-level travel time spent in this place.
 D = Time resting spent in this place.
 E = Time spent auto-exploring this place.
 F = Levels seen in this place.
 G = Mean time per level.
                   A        B        C        D        E       F      G
               +--------+--------+--------+--------+--------+-----+--------+
         Total |   2736 |   2600 |    136 |      0 |   2105 |   4 |  684.0 |
       Dungeon |   2689 |   2553 |    136 |      0 |   2065 |   3 |  896.3 |
         Abyss |     46 |     46 |      0 |      0 |     40 |   1 |   46.0 |
               +--------+--------+--------+--------+--------+-----+--------+

Top non-repeatable levels by time:
     D:3: 1042 daAuts
     D:1: 824 daAuts
     D:2: 822 daAuts
 Abyss:1: 46 daAuts
